 Dungeon Crawl Stone Soup version 0.31.0-1-g2c135a0 (webtiles) character file.

Game seed: 10984256971714966486

315 jagoly the Chopper (level 6, 0/39 HPs)
             Began as a Gargoyle Monk on Feb 1, 2024.
             Was a Believer of the Shining One.
             Splashed by a jelly's acid (7 damage)
             ... in a sewer.
             The game lasted 00:07:10 (1278 turns).

jagoly the Chopper (Gargoyle Monk)                  Turns: 1278, Time: 00:07:11

Health: 0/39       AC:  0    Str: 17    XL:     6   Next: 43%
Magic:  6/6        EV: 10    Int: 12    God:    the Shining One [**....]
Gold:   117        SH:  0    Dex: 12    Spells: 5/5 levels left

rFire   + . .        a - +0 hand axe
rCold   . . .        d - orb {light}
rNeg    + + .        s - +0 scale mail
rPois   ∞            (no helmet)
rElec   +            (no cloak)
rCorr   .            (no gloves)
SInv    .            (no boots)
Will    .....        (no amulet) Stlth
                     q - ring of Qudariku {Int+2 Slay+4}
HPRegen 0.26/turn    n - ring of protection from fire
MPRegen 0.10/turn

%: no passive effects
@: confused, ambrosia-drunk, corroded, glowing
A: sickness immunity, AC +4, negative energy resistance 1, electricity
resistance, torment resistance 1, petrification resistance
a: Renounce Religion, Divine Shield


You were in a sewer.
You worshipped the Shining One.
The Shining One was pleased with you.
You visited 1 branch of the dungeon, and saw 5 of its levels.
You also visited: Sewer.

You collected 117 gold pieces.

Inventory:

Hand Weapons
 a - a +0 hand axe (weapon)
Missiles
 g - 25 stones (quivered)
 p - 3 poisoned darts
 r - 4 javelins
Armour
 b - a +0 robe
 d - an orb of light (worn)
 m - a +0 leather armour
 s - a +0 scale mail (worn)
Jewellery
 j - a ring of positive energy
 n - a ring of protection from fire (right hand)
 q - the ring of Qudariku (left hand) {Int+2 Slay+4}
   (You found it on level 3 of the Dungeon)

   [ring of slaying]

   Int+2:     It affects your intelligence (+2).
   Slay+4:    It affects your accuracy & damage with ranged weapons and melee
   (+4).
 t - a ring of see invisible
Scrolls
 e - a scroll of immolation {unknown}
 f - 4 scrolls of teleportation {unknown}
 k - a scroll of identify {unknown}
 l - a scroll of noise {unknown}
 o - 2 scrolls of fog {unknown}
 v - a scroll of fear {unknown}
Potions
 h - 3 potions of curing {unknown}
 i - 2 potions of berserk rage {unknown}
 u - a potion of cancellation {unknown}


   Skills:
 + Level 4.5 Fighting
 * Level 4.7 Axes
 + Level 3.0 Armour
 - Level 3.0 Dodging


You had 5 spell levels left.
You didn't know any spells.
Your spell library was empty.

Dungeon Overview and Level Annotations

Branches:
Dungeon (5/15) Zot: 26717   Sewer (1/1) Zot: 5824
 Temple: D:4-7

Altars:
The Shining One


Innate Abilities, Weirdness & Mutations

You are immune to sickness and miasma.
Your stone body is resilient. (AC +4)
You are immune to poison.
You resist negative energy. (rN+)
You are resistant to electric shocks. (rElec)
You are resistant to unholy torment.
You are immune to petrification.


Message History

You start putting on your armour.
You continue putting on your +0 scale mail. x5
You hear the slow rusting of a very distant drain.
You finish putting on your +0 scale mail.
There is an open door here.
You open the door.
There is an open door here.
Found an amethyst potion.
Found a golden ring.
h - 3 amethyst potions (gained 1)
Found a stone staircase leading down.
t - a ring of see invisible
There is a stone staircase leading down here.
You climb downwards.
Found 12 gold pieces.
Found a stone staircase leading up.
There is a stone staircase leading up here.
You now have 105 gold pieces (gained 12).
There is a stone staircase leading up here.
You climb upwards.
You hear the sound of rushing water.
There is an entrance to a sewer on this level.
Hurry and find it before the portal rusts away!
There is a stone staircase leading down here.
Found a stone staircase leading up.
You hear the slow rusting of a very distant drain.
There is a stone staircase leading up here.
Your library has no spells.
You climb upwards.
There is a stone staircase leading down here.
You climb downwards.
You hear the sound of rushing water.
There is an entrance to a sewer on this level.
Hurry and find it before the portal rusts away!
There is a stone staircase leading up here.
You hear the slow rusting of a distant drain.
Found 12 gold pieces.
You now have 117 gold pieces (gained 12).
You hear the rusting of a distant drain.
There is a stone staircase leading down here.
There is a stone staircase leading up here.
Found a scroll labelled ZUIGIASA MEYCS.
You hear the rusting of a very distant drain.
f - 4 scrolls labelled ZUIGIASA MEYCS (gained 1)
Found a stone staircase leading up.
There is a stone staircase leading up here.
Your library has no spells.
You climb upwards.
There is a stone staircase leading down here.
You hit the bat.
You kill the bat!
You climb downwards.
You hear the sound of rushing water.
There is an entrance to a sewer on this level.
Hurry and find it before the portal rusts away!
There is a stone staircase leading up here.
You hear the brisk rusting of a drain nearby.
A hound comes into view.
The hound barks!
A hound is nearby!
The hound misses you. x2
You barely miss the hound. The hound bites you but does no damage.
You hit the hound.
The hound is moderately wounded.
The hound bites you but does no damage. The hound barely misses you.
You hit the hound.
The hound is heavily wounded.
The hound bites you but does no damage. The hound bites you.
You barely miss the hound.
The hound is heavily wounded.
The hound barely misses you.
You closely miss the hound.
The hound is heavily wounded.
The hound completely misses you. The hound bites you.
You hit the hound.
The hound is severely wounded.
The hound closely misses you. x2
You hit the hound.
The hound is almost dead.
The hound barely misses you.
You barely miss the hound.
The hound is almost dead.
The hound barely misses you. x2
You slash the hound!
You kill the hound!
No target in view!
You see here a hound corpse.
HP restored.
HP restored.
A giant cockroach and a ball python come into view.
The ball python hisses angrily.
The ball python bites you but does no damage.
The ball python barely misses you.
A giant cockroach comes into view.
The giant cockroach waves its antennae.
The ball python bites you. The ball python grabs you.
The ball python constricts you.
You hit the ball python.
The ball python is severely wounded.
A frilled lizard comes into view.
The ball python bites you but does no damage.
The ball python constricts you.
You slash the ball python!
You kill the ball python!
You hit the giant cockroach.
The giant cockroach is heavily wounded.
The giant cockroach bites you but does no damage.
The frilled lizard unfolds its giant frill.
You hit the giant cockroach.
You kill the giant cockroach!
You hit the frilled lizard.
You kill the frilled lizard!
You enter the shallow water.
Moving in this stuff is going to be slow.
A rat comes into view.
The giant cockroach splashes around in the water.
You see here a frilled lizard corpse.
Your unstable footing causes you to fumble your attack.
The giant cockroach misses you. The giant cockroach barely misses you.
Your unstable footing causes you to fumble your attack.
The rat bites you but does no damage. The giant cockroach closely misses you.
Your unstable footing causes you to fumble your attack.
The rat bites you but does no damage.
The giant cockroach splashes around in the water.
The rat barely misses you.
You hit the giant cockroach but do no damage.
You hit the rat but do no damage. The giant cockroach bites you.
The giant cockroach splashes around in the water.
The rat barely misses you.
Your unstable footing causes you to fumble your attack.
The giant cockroach closely misses you. The rat bites you.
You barely miss the giant cockroach. You hit the rat.
You kill the rat!
The giant cockroach bites you but does no damage.
You slash the giant cockroach!
You kill the giant cockroach!
No target in view!
No target in view!
A rat comes into view.
The rat squeaks loudly.
You hit the rat.
You kill the rat!
You hear the brisk rusting of a drain.
No target in view!
No target in view!
You see here a rat corpse.
Found a glowing drain.
There is a glowing drain here.
The world spins around you as you enter the gateway.
You enter a sewer!
Found a gate leading back out of this place.
There is an empty arch of ancient stone here.
A ball python comes into view.
The ball python hisses angrily.
A giant cockroach comes into view.
An adder comes into view.
The adder hisses angrily.
The ball python closely misses you. The ball python grabs you.
The ball python constricts you.
You slash the ball python!
You kill the ball python!
You barely miss the adder. The adder barely misses you.
You barely miss the adder. You hit the giant cockroach.
You kill the giant cockroach!
The adder closely misses you.
You slash the adder!
The adder is almost dead.
The adder bites you. x2
You closely miss the adder.
The adder is almost dead.
The adder closely misses you.
You barely miss the adder.
The adder is almost dead.
The adder bites you but does no damage. The adder closely misses you.
You slash the adder!
You kill the adder!
No target in view!
You see here a ball python corpse.
An endoplasm comes into view.
The endoplasm quivers.
You enter the shallow water.
Moving in this stuff is going to be slow.
The endoplasm freezes you.
You are frozen.
The endoplasm hits you.
You hit the endoplasm.
The endoplasm is moderately wounded.
The endoplasm freezes you.
You are frozen.
You slash the endoplasm!
You kill the endoplasm!
No target in view!
No target in view!
You enter the shallow water.
Moving in this stuff is going to be slow.
A frilled lizard and a giant cockroach come into view.
The frilled lizard hisses angrily.
The giant cockroach closely misses you.
You slash the frilled lizard!
You kill the frilled lizard!
You hit the giant cockroach.
The giant cockroach bites you but does no damage.
You hit the giant cockroach.
You kill the giant cockroach!
No target in view!
You enter the shallow water.
Moving in this stuff is going to be slow.
An endoplasm comes into view.
The endoplasm quivers.
You enter the shallow water.
Moving in this stuff is going to be slow.
The endoplasm barely misses you.
You hit the endoplasm.
The endoplasm is moderately wounded.
The endoplasm freezes you.
You are frozen.
You slash the endoplasm!
You kill the endoplasm!
No target in view!
No target in view!
You enter the shallow water.
Moving in this stuff is going to be slow.
A giant cockroach comes into view.
A ribbon worm comes into view.
The giant cockroach barely misses you.
You completely miss the giant cockroach.
The giant cockroach bites you but does no damage.
You hit the giant cockroach.
You kill the giant cockroach!
A rat comes into view.
The rat squeaks loudly.
The ribbon worm expels a string of sticky webbing.
The stream of webbing hits you but does no damage.
You are caught in a web!
There is a web here.
The web tears apart.
The ribbon worm splashes around in the water.
You hit the ribbon worm.
The ribbon worm is lightly wounded.
The ribbon worm bites you but does no damage.
You hit the ribbon worm.
The ribbon worm is heavily wounded.
The ribbon worm bites you. The rat barely misses you.
You completely miss the ribbon worm.
The ribbon worm is moderately wounded.
You hit the rat. The rat bites you but does no damage.
The ribbon worm splashes around in the water.
You slash the rat!
You kill the rat!
You slash the ribbon worm!
The ribbon worm bites you but does no damage.
An endoplasm comes into view.
The endoplasm quivers.
You slash the ribbon worm!
You kill the ribbon worm!
You enter the shallow water.
Moving in this stuff is going to be slow.
The endoplasm hits you. The endoplasm freezes you.
You are frozen.
You slash the endoplasm!
You kill the endoplasm!
No target in view!
No target in view!
You enter the shallow water.
Moving in this stuff is going to be slow.
A giant cockroach comes into view.
You enter the shallow water.
Moving in this stuff is going to be slow.
A giant cockroach comes into view. 2 rats come into view.
The rat squeaks loudly. x2
You slash the giant cockroach!
You kill the giant cockroach!
A ball python comes into view.
An endoplasm comes into view.
You have reached level 6!
You enter the shallow water.
Moving in this stuff is going to be slow.
The ball python hisses angrily.
You hear a loud squeak.
A ribbon worm comes into view.
You barely miss the giant cockroach. The giant cockroach closely misses you.
You slash the ball python!
You kill the ball python!
You hit the giant cockroach.
You kill the giant cockroach!
You enter the shallow water.
Moving in this stuff is going to be slow.
A ribbon worm comes into view.
You slash the rat!
You kill the rat!
A giant cockroach comes into view.
A river rat comes into view.
The rat barely misses you.
The endoplasm quivers.
The river rat squeaks loudly.
You hit the rat.
You kill the rat!
You hear an angry hiss.
The river rat twitches its whiskers.
The giant cockroach bites you but does no damage.
You barely miss the giant cockroach.
The giant cockroach bites you but does no damage.
You hit the giant cockroach.
You kill the giant cockroach!
You barely miss the river rat. The river rat bites you.
The endoplasm barely misses you.
You hit the river rat but do no damage. You hit the endoplasm.
The river rat misses you.
An adder comes into view.
The endoplasm freezes you.
You are frozen.
The ribbon worm expels a string of sticky webbing.
The stream of webbing hits you but does no damage.
You are caught in a web!
The river rat bites you but does no damage.
The web tears apart.
The endoplasm barely misses you.
The river rat bites you but does no damage.
You slash the endoplasm!
You kill the endoplasm!
You hit the river rat. You hit the ribbon worm.
The river rat bites you but does no damage.
The ribbon worm misses you.
You slash the river rat!
You kill the river rat!
You hit the ribbon worm. x2
You hit the ribbon worm.
The ribbon worm is heavily wounded.
You hit the ribbon worm.
The ribbon worm bites you but does no damage.
The ribbon worm misses you.
You hit the ribbon worm.
The ribbon worm is severely wounded.
You closely miss the adder. You hit the ribbon worm.
The adder barely misses you.
The ribbon worm expels a string of sticky webbing.
The stream of webbing hits you but does no damage.
You are caught in a web!
The adder barely misses you.
The web tears apart.
The ribbon worm expels a string of sticky webbing.
The stream of webbing misses you. The adder bites you.
The ribbon worm bites you but does no damage.
You hit the ribbon worm.
The ribbon worm is almost dead.
You slash the ribbon worm! You hit the adder.
The adder bites you but does no damage.
The ribbon worm splashes around in the water.
The ribbon worm closely misses you.
You hit the ribbon worm.
You kill the ribbon worm!
You hit the adder. You hit the ribbon worm. The adder barely misses you.
A giant cockroach comes into view.
The ribbon worm misses you. The adder misses you.
You hit the adder.
You kill the adder!
You hit the ribbon worm.
The ribbon worm bites you but does no damage.
You slash the ribbon worm!
You kill the ribbon worm!
You enter the shallow water.
Moving in this stuff is going to be slow.
You see here a giant cockroach corpse.
You hit the giant cockroach.
You kill the giant cockroach!
No target in view!
No target in view!
You enter the shallow water.
Moving in this stuff is going to be slow.
A river rat comes into view.
The river rat squeaks loudly.
The river rat twitches its whiskers.
An adder comes into view.
The river rat barely misses you.
The adder hisses angrily.
You hit the river rat.
The river rat is heavily wounded.
The river rat bites you but does no damage.
You hit the river rat.
You kill the river rat!
A giant cockroach comes into view.
The giant cockroach waves its antennae.
The adder bites you but does no damage.
You see here a river rat corpse.
You hit the adder.
The adder is moderately wounded.
The adder bites you but does no damage.
You closely miss the adder.
The adder is moderately wounded.
The adder barely misses you.
You hit the adder.
The adder is almost dead.
The adder barely misses you. The adder misses you.
You closely miss the adder.
The adder is almost dead.
The adder bites you.
You hit the adder but do no damage.
The adder is almost dead.
You barely miss the giant cockroach. The adder bites you but does no damage.
The giant cockroach barely misses you. The adder bites you but does no damage.
The giant cockroach barely misses you.
You hit the adder.
You kill the adder!
You hit the giant cockroach.
You kill the giant cockroach!
A ball python comes into view.
The ball python hisses angrily.
You enter the shallow water.
Moving in this stuff is going to be slow.
The ball python barely misses you. The ball python grabs you.
The ball python constricts you.
You completely miss the ball python. The ball python closely misses you.
The ball python constricts you. The ball python bites you.
The ball python constricts you.
You hit the ball python.
You kill the ball python!
No target in view!
You enter the shallow water.
Moving in this stuff is going to be slow.
Found a bubbling yellow potion and a scroll labelled BUFFIQOEPP.
u - a bubbling yellow potion
v - a scroll labelled BUFFIQOEPP You enter the shallow water.
Moving in this stuff is going to be slow.
You enter the shallow water.
Moving in this stuff is going to be slow.
Found a gate leading back out of this place.
You enter the shallow water.
Moving in this stuff is going to be slow.
A jelly and a giant cockroach come into view.
The jelly quivers.
You enter the shallow water.
Moving in this stuff is going to be slow.
Found an orange potion.
Found a shimmering altar of Xom.
A river rat comes into view.
The river rat squeaks loudly.
The giant cockroach bites you but does no damage.
The jelly hits you.
You are splashed with acid.
The giant cockroach bites you but does no damage.
The jelly hits you but does no damage.
You slash the jelly! The acid corrodes you!
Your hands burn!
The jelly is almost dead.
You hit the giant cockroach but do no damage.
The giant cockroach bites you but does no damage.
The jelly hits you but does no damage.
You slash the jelly!
You kill the jelly!
You completely miss the giant cockroach.
The giant cockroach bites you.
Your Armour skill increases to level 3!
You hit the giant cockroach but do no damage.
The giant cockroach bites you but does no damage.
The giant cockroach barely misses you.
You hit the giant cockroach.
The giant cockroach is almost dead.
The giant cockroach bites you but does no damage.
You barely miss the giant cockroach.
The giant cockroach is almost dead.
You hit the river rat.
The giant cockroach bites you but does no damage.
The river rat closely misses you.
A jelly comes into view.
The jelly quivers.
You hit the giant cockroach.
You kill the giant cockroach!
You hit the river rat but do no damage.
An endoplasm comes into view.
The river rat barely misses you.
The endoplasm quivers.
You hit the river rat.
The river rat is heavily wounded.
The river rat bites you.
You hit the river rat.
The river rat is severely wounded.
An adder comes into view.
The river rat bites you.
The adder hisses angrily.
You hit the river rat but do no damage.
The river rat is severely wounded.
The river rat misses you.
You hit the river rat.
You kill the river rat!
You hit the jelly but do no damage. The acid corrodes you!
Your hands burn!
You hit the adder. The jelly hits you.
You are splashed with acid.
* * * LOW HITPOINT WARNING * * *
The adder barely misses you.
You are too injured to fight recklessly!
You are too injured to fight recklessly!
You hit the jelly but do no damage.
Your hands burn!
* * * LOW HITPOINT WARNING * * *
You barely miss the adder. The adder bites you.
* * * LOW HITPOINT WARNING * * *
The jelly hits you.
* * * LOW HITPOINT WARNING * * *
The acid corrodes you!
You are splashed with acid!
* * * LOW HITPOINT WARNING * * *
The adder bites you.
* * * LOW HITPOINT WARNING * * *
You aren't carrying any items that you can evoke.
Okay, then.
Okay, then.
You are confused.
You feel invigorated. The jelly barely misses you.
The adder closely misses you.
You bump into the stone wall.
The jelly hits you.
* * * LOW HITPOINT WARNING * * *
You are splashed with acid!
You die...

#..##...~..##
..~~# ~
#####~~###...~~#
~#~.# ~~~...~#
####..## ##..#
†......#
#.~.###...#
########
#....~~~∩##
##~~~.~~##
##.~#### #~.##
#.@J# ##.SJ~~~~~
##..~.~..
.~~.### ~..~#
#...# ._!# ####


You could see a jelly, an adder and an endoplasm.

Vanquished Creatures
  A scorpion (D:4)
  A hound (D:4)
  An orc priest (D:4)
  A jelly (Sewer)
  An orc wizard (D:4)
  3 adders (Sewer)
  3 river rats (Sewer)
  3 ribbon worms (Sewer)
  2 dart slugs
  2 orcs (D:4)
  8 ball pythons
  5 bats
  7 endoplasms
  12 giant cockroaches
  4 hobgoblins
  3 jackals (D:1)
  2 quokkas (D:1)
  7 frilled lizards
  6 goblins
  3 kobolds
  8 rats
83 creatures vanquished.

Notes
Turn   | Place    | Note
-------+----------+-------------------------------------------
     0 | D:1      | jagoly the Gargoyle Monk began the quest for the Orb.
     0 | D:1      | Reached XP level 1. HP: 14/14 MP: 1/1
    84 | D:1      | Reached XP level 2. HP: 12/19 MP: 2/2
   114 | D:1      | Found a faded altar of an unknown god.
   253 | D:1      | Reached skill level 1 in Armour
   275 | D:1      | Reached XP level 3. HP: 23/23 MP: 3/3
   609 | D:3      | Identified the ring of Qudariku {Int+2 Slay+4}
   636 | D:3      | Found a glowing golden altar of the Shining One.
   640 | D:3      | Became a worshipper of the Shining One
   640 | D:3      | Reached * piety under the Shining One
   640 | D:3      | Reached ** piety under the Shining One
   739 | D:4      | Noticed a scorpion
   747 | D:4      | Killed a scorpion
   748 | D:4      | Reached XP level 4. HP: 28/29 MP: 4/4
   793 | D:4      | Reached XP level 5. HP: 27/33 MP: 5/5
   845 | D:5      | Entered Level 5 of the Dungeon
  1118 | D:4      | Found a glowing drain.
  1122 | Sewer    | Entered a sewer
  1192 | Sewer    | Reached XP level 6. HP: 34/39 MP: 6/6
  1263 | Sewer    | Found a shimmering altar of Xom.
  1278 | Sewer    | Splashed by a jelly's acid

Illustrated notes

Levels and vault maps discovered:
D:1:      elethiomel_arrival_shortcut, layout_loops_cross,
          basic_ecumenical_altar, nicolae_the_louvre
D:2:      layout_basic
D:3:      layout_basic, mainiacjoe_overflow_surrounded_room,
          mainiacjoe_overflow_alcove_1, lemuel_doored_altar,
          mainiacjoe_overflow_two_lobes, minmay_misc_feat_x
D:4:      layout_basic, nicolae_hepliaklqana_hippocampus,
          mainiacjoe_sewer_entry_somewhere_in_here_1, saegor_snake_ambush
D:5:      minmay_diamond_boxcup, layout_loops_ring,
          nicolae_elyvilon_temple_path, uniq_sigmund
Sewer:    sewer_hellmonk_slimy_pipes

Skill      XL: |  1  2  3  4  5  6 |
---------------+-------------------+-----
Axes           | 3 4 |  4.7
Armour         | 1 2 3 |  3.0
Fighting       | 4 |  4.5
Dodging        | 3 |  3.0

Action                     |  1- 3 |  4- 6 || total
---------------------------+-------+-------++-------
  Melee: Hand axe          |    92 |    93 ||   185
  Throw: Dart              |       |     2 ||     2
    Use: Potion            |       |     1 ||     1
 Armour: Robe              |    27 |       ||    27
         Leather armour    |    23 |     6 ||    29
         Scale mail        |       |    60 ||    60
  Dodge: Dodged            |    60 |    60 ||   120
